Map: Abyssal Reef LE

Players

LST - Winner!

  • Race: Zerg Zerg
  • League: Silver
  • Spawn Location: 5:00

A.I. 1 (Harder)

  • Race: Terran Terran
  • Spawn Location: 11:00

VOD

Have the link to the VOD?

Description

Build order test vs AI Abyssal reef LE

Time

  • Played on: Nov. 1, 2017, 4:34 p.m.
  • Length: 12:15
Show
View Real Time Build Order
Export as new Build Order

LST Zerg - Winner!

Build Orders: Hatch First 

Get SALT Encoding   

  12  0:02  Drone  
  13  0:13  Overlord  
  13  0:17  Drone  
  14  0:33  Drone  
  14  0:34  Drone  
  17  0:35  Drone  
  17  0:57  Drone  
  17  0:58  Hatchery  
  17  1:01  Drone  
  17  1:04  Extractor  
  17  1:08  Drone  
  18  1:21  Spawning Pool  
  17  1:28  Drone  
  17  1:31  Drone  
  19  1:39  Overlord  
  19  2:10  Metabolic Boost  
  19  2:13  Queen x2  
  23  2:21  Zergling x4  
  25  2:38  Drone x3  
  25  2:39  Drone x2  
  30  2:48  Drone  
  30  2:49  Queen  
  30  2:50  Overlord  
  33  2:59  Drone  
  33  3:01  Drone  
  33  3:04  Drone  
  36  3:11  Overlord  
  34  3:20  Drone  
  35  3:33  Drone x2  
  37  3:34  Drone  
  37  3:36  Drone  
  37  3:37  Drone x2  
  37  3:38  Drone x2  
  43  3:51  Extractor  
  43  3:52  Extractor  
  41  4:12  Roach Warren  
  40  4:21  Drone x2  
  42  4:39  Lair  
  42  4:46  Evolution Chamber  
  41  4:59  Roach x3  
  49  5:00  Roach x2  
  49  5:02  Overlord x4  
  51  5:13  Zergling x2  
  52  5:27  Roach x6  
  64  5:31  Zerg Missile Weapons Level 1  
  64  5:36  Glial Reconstitution  
  60  5:47  Zergling x2  
  60  5:48  Roach x5  
  64  5:58  Roach  
  64  5:59  Roach x2  
  64  6:01  Roach  
  72  6:14  Roach x2  
  72  6:15  Roach  
  78  6:26  Roach x3  
  78  6:28  Overlord  
  78  6:29  Overlord  
  84  6:49  Roach x3  
  84  6:50  Roach x3  
  95  7:00  Roach x4  
  99  7:01  Ravager  
  99  7:06  Overlord  
  99  7:07  Overlord x2  
  100  7:25  Overlord x4  
  100  7:30  Ravager x3  
  100  7:31  Ravager x2  
  105  7:40  Overlord x3  
  89  8:13  Zergling x2  
  89  8:14  Zergling x12  
  88  8:42  Zergling x2  
  88  8:43  Zergling x10  
  85  8:55  Roach x3  
  88  8:56  Roach  
  66  9:27  Drone  
  66  9:28  Drone x2  
  66  9:29  Drone, Hydralisk Den  
  63  9:38  Drone x2  
  59  9:42  Zerg Missile Weapons Level 2  
  60  10:00  Hydralisk x6  
  60  10:01  Hydralisk x4  
  80  10:09  Hydralisk  
  82  10:33  Hydralisk x4  
  82  10:34  Hydralisk  
  92  10:38  Hatchery  
  91  10:46  Hatchery  
  90  10:50  Hydralisk  
  90  10:51  Hydralisk x6  
  104  11:00  Hydralisk x2  
  108  11:11  Hydralisk x2  
  108  11:27  Zergling x10  
  108  11:28  Zergling x2  
  114  11:42  Hydralisk x6  
  126  11:50  Zergling x8  
Show
View Real Time Build Order
Export as new Build Order

A.I. 1 (Harder) Terran 

Build Orders: MMM Bio 

Get SALT Encoding   

  12  0:00  SCV  
  13  0:13  SCV  
  14  0:18  Supply Depot  
  14  0:25  SCV  
  15  0:40  SCV  
  16  0:43  Barracks  
  16  0:49  Refinery  
  16  0:52  SCV  
  17  1:04  SCV  
  18  1:16  SCV  
  19  1:21  Supply Depot  
  19  1:28  SCV  
  19  1:32  Marine  
  21  1:41  Orbital Command, Barracks  
  21  1:48  Refinery  
  21  1:51  Barracks Tech Lab  
  21  2:06  Supply Depot  
  21  2:09  Marauder  
  23  2:18  Factory  
  23  2:30  Marine  
  23  2:32  Marine  
  25  2:48  Marine  
  26  2:51  Marine  
  27  3:04  Starport  
  27  3:06  Marine  
  27  3:12  Supply Depot  
  28  3:22  SCV  
  28  3:24  Marauder  
  31  3:34  SCV  
  31  3:37  Supply Depot  
  31  3:41  Starport Tech Lab  
  32  3:44  Engineering Bay  
  32  3:45  Marauder  
  32  3:46  SCV  
  35  3:58  SCV  
  35  4:01  Banshee  
  39  4:10  SCV  
  40  4:22  SCV  
  41  4:44  Banshee  
  44  5:02  Reaper, Barracks Tech Lab  
  44  5:03  Stimpack  
  44  5:05  Factory Tech Lab, Factory  
  45  5:07  Starport  
  45  5:09  Supply Depot  
  45  5:10  Command Center  
  45  5:20  Reaper, Combat Shields  
  46  5:34  Marine  
  47  5:42  Terran Infantry Weapons Level 1  
  46  5:44  Starport Tech Lab  
  46  5:48  Factory Tech Lab  
  45  5:52  Marine, Marauder  
  44  6:09  Marine  
  45  6:13  Marine  
  46  6:23  SCV, Supply Depot  
  46  6:24  SCV  
  48  6:28  Marauder  
  48  6:31  Marine, Refinery  
  51  6:36  SCV  
  51  6:37  SCV  
  51  6:38  Concussive Shells, Refinery  
  53  6:48  SCV  
  53  6:49  Marine, Reaper, SCV  
  57  6:56  Viking  
  57  7:00  SCV  
  56  7:01  SCV  
  56  7:06  Marine  
  58  7:12  SCV  
  58  7:14  SCV  
  60  7:21  Reaper  
  61  7:24  SCV  
  61  7:25  Marauder  
  61  7:26  SCV  
  61  7:27  Raven  
  67  7:31  Supply Depot  
  67  7:36  SCV  
  67  7:37  Terran Infantry Armor Level 1  
  68  7:38  SCV  
  69  7:44  Missile Turret  
  69  7:46  Raven, Reaper  
  69  7:48  SCV  
  69  7:49  Missile Turret  
  69  7:50  SCV  
  74  7:54  Marauder  
  73  8:00  SCV  
  73  8:03  SCV  
  59  8:10  Viking  
  59  8:12  SCV  
  59  8:15  Reaper  
  59  8:18  Marine  
  46  8:29  Viking  
  43  8:36  Marauder  
  41  8:46  Marine  
  39  8:51  SCV  
  30  8:57  Marine  
  25  9:03  SCV  
  25  9:04  Marine  
  19  9:15  Marine, SCV  
  17  9:27  SCV  
  17  10:25  Command Center  
  17  11:18  Marine, SCV  
  17  11:19  Viking  
  20  11:31  SCV  
Tags
 
Composition
MMM Bio
League
Silver
Matchup
TvZ
Spawn Locations
Cross Positions
Add a new tag
Caveats
  • Supply blocks, unpowered buildings, or Contaminate may cause inaccurate times.
  • Supply counts are checked every 10 seconds.